[Event "FIDE World Cup G12-B 2024"]
[Site "Batumi"]
[Date "2024.06.29"]
[Round "7.1"]
[White "Bassari, Senem Gul"]
[Black "Gunawardhana, Devindya Oshini"]
[Result "0-1"]
[ECO "C60"]
[WhiteElo "1768"]
[BlackElo "1980"]
[Annotator "NA RC"]
[PlyCount "118"]
[EventDate "2024.06.23"]
[EventType "swiss"]
[EventCountry "GEO"]
[SourceTitle "playchess.com"]
[Source "ChessBase"]
[SourceQuality "1"]
[TimeControl "5400+30"]

1. e4 e5 2. Nf3 Nc6 3. Bb5 a6 4. Ba4 g6 5. O-O Bg7 6. c3 Nge7 7. d4 exd4 8. cxd4 b5 9. Bc2 d5 10. e5 Bg4 11. Be3 f6 12. exf6 Bxf6 13. h3 Bf5 ({Black should play} 13... Bxf3 $11 14. Qxf3 Bxd4) 14. Nbd2 O-O $16 15. Nb3 Qc8 16. Kh2 Nd8 17. Nc5 Ne6 18. Nd3 Be4 19. Nde5 Nf5 20. Rc1 Qe8 21. Ng4 Bg7 22. Nge5 Nexd4 23. Bxd4 Nxd4 24. Qxd4 Bxf3 25. Rfe1 Be4 26. f4 c5 27. Qc3 Rxf4 28. Bxe4 Rxe4 29. Rxe4 dxe4 30. Qb3+ c4 31. Nxc4 bxc4 32. Qxc4+ Kh8 33. Re1 Qe5+ 34. Kh1 Re8 35. Qxa6 Qxb2 36. a4 e3 37. Qc6 Rf8 38. Qe4 Qd4 39. Qe7 Qxa4 40. Qxe3 Qc4 41. Re2 Bd4 42. Qe4 Rf1+ 43. Kh2 Bg1+ 44. Kg3 Qxe4 45. Rxe4 Kg7 46. Kg4 Bc5 47. h4 h5+ 48. Kh3 Bd6 49. g3 Rf3 50. Re6 Rxg3+ 51. Kh2 Rd3+ 52. Kg2 Kf7 53. Re2 Rd4 54. Kh3 Be7 55. Kg2 Rxh4 56. Rf2+ Bf6 57. Kg3 Ra4 58. Rc2 g5 59. Rc7+ Kg6 0-1

[Event "FIDE World Cup G12-B 2024"]
[Site "Batumi"]
[Date "2024.06.29"]
[Round "7.2"]
[White "Pratitee Bordoloi"]
[Black "Li, Sophie"]
[Result "1-0"]
[ECO "C74"]
[WhiteElo "1796"]
[BlackElo "1764"]
[Annotator "NA RC"]
[PlyCount "109"]
[EventDate "2024.06.23"]
[EventType "swiss"]
[EventCountry "GEO"]
[SourceTitle "playchess.com"]
[Source "ChessBase"]
[SourceQuality "1"]
[TimeControl "5400+30"]

1. e4 e5 2. Nf3 Nc6 3. Bb5 a6 4. Ba4 d6 5. c3 f5 6. d3 Nf6 7. Qe2 b5 8. Bb3 Na5 9. Bc2 fxe4 10. dxe4 Bb7 11. O-O h6 12. Nh4 g5 13. Ng6 Rg8 14. Nxf8 Rxf8 15. Nd2 Qd7 16. a4 c5 17. axb5 axb5 18. Rd1 c4 19. Nf1 Nc6 20. Rxa8+ Bxa8 21. Be3 Ne7 22. Ng3 d5 23. exd5 Bxd5 24. Bc5 Qe6 25. Bxe7 Kxe7 26. Nf5+ Kf7 27. Nxh6+ Kg7 28. Nf5+ Kf7 29. Qe3 Rd8 30. Qxg5 Kf8 31. Qg7+ Ke8 32. Nd4 Qe7 33. Bg6+ Kd7 34. Bf5+ Ke8 35. Bg6+ Kd7 36. Qxe7+ Kxe7 37. Nf5+ Kf8 38. Ne3 Ke7 39. Nxd5+ Nxd5 40. Be4 Nb6 41. Rxd8 Kxd8 42. Bc6 Na4 43. Bxb5 Nxb2 44. Kf1 Nd1 45. Bxc4 Nxc3 46. Ke1 Ke7 47. Kd2 Ne4+ 48. Ke3 Nf6 49. f3 Kd6 50. h4 Nh5 51. g4 Nf4 52. Ke4 Ng2 53. h5 Nf4 54. Kf5 Ke7 55. Kxe5 1-0

[Event "FIDE World Cup G12-B 2024"]
[Site "Batumi"]
[Date "2024.06.29"]
[Round "7.3"]
[White "Amanzhol, Khanzada"]
[Black "Pavithra R V"]
[Result "0-1"]
[ECO "B50"]
[WhiteElo "1685"]
[BlackElo "1614"]
[Annotator "NA RC"]
[PlyCount "80"]
[EventDate "2024.06.23"]
[EventType "swiss"]
[EventCountry "GEO"]
[SourceTitle "playchess.com"]
[Source "ChessBase"]
[SourceQuality "1"]
[TimeControl "5400+30"]

1. e4 c5 2. b3 Nc6 3. Bb2 d6 4. Nf3 e5 5. Bb5 Bd7 6. Qe2 a6 7. Bxc6 Bxc6 8. O-O Ne7 9. c3 Ng6 10. Qe3 Be7 11. d4 cxd4 12. cxd4 f6 13. Rd1 Qc8 14. d5 Bd7 15. Qb6 O-O 16. Rc1 Qe8 17. Qxb7 Rb8 18. Qxa6 Bb5 19. Qa5 Nf4 20. a4 Ne2+ 21. Kh1 Nxc1 22. Bxc1 Bd3 23. Nbd2 Qc8 24. Bb2 Qc2 25. Bc3 Bd8 26. Qa7 Qxc3 27. Qxb8 Qxa1+ 28. Ng1 Ba5 29. Qxd6 Bxd2 30. Qe6+ Kh8 31. d6 Bxe4 32. d7 Qf1 33. Qg4 Qxg2+ 34. Qxg2 Bxg2+ 35. Kxg2 Rd8 36. Nf3 Rxd7 37. Nxd2 Rxd2 38. a5 Rb2 39. a6 Rxb3 40. a7 Ra3 0-1

[Event "FIDE World Cup G12-B 2024"]
[Site "Batumi"]
[Date "2024.06.29"]
[Round "7.4"]
[White "Sreekarthika Velmurugan"]
[Black "Amin-Erdene, Tsengel"]
[Result "1-0"]
[ECO "B22"]
[WhiteElo "1838"]
[BlackElo "1491"]
[Annotator "NA RC"]
[PlyCount "69"]
[EventDate "2024.06.23"]
[EventType "swiss"]
[EventCountry "GEO"]
[SourceTitle "playchess.com"]
[Source "ChessBase"]
[SourceQuality "1"]
[TimeControl "5400+30"]

1. e4 c5 2. Nf3 e6 3. c3 Nf6 4. e5 Nd5 5. d4 cxd4 6. cxd4 d6 7. Bc4 Be7 8. O-O O-O 9. Nbd2 Nc6 10. Ne4 dxe5 11. dxe5 b6 12. Qe2 Qc7 13. Bxd5 exd5 14. Nc3 Be6 15. Bf4 a6 16. Rfd1 Rfd8 17. Rac1 Qb7 18. Bg5 Bxg5 19. Nxg5 h6 20. Nxe6 fxe6 21. Qg4 Qf7 22. f4 Na5 23. Qf3 Rac8 24. Qf2 b5 25. Ne2 Qb7 26. Nd4 Qb6 27. b3 Nb7 28. Rxc8 Rxc8 29. f5 exf5 30. Qxf5 Rd8 31. e6 Qc7 32. Rf1 Nc5 33. Qf7+ Qxf7 34. exf7+ Kf8 35. b4 1-0

[Event "FIDE World Cup G12-B 2024"]
[Site "Batumi"]
[Date "2024.06.29"]
[Round "7.5"]
[White "Xu, Luna Yuexiu"]
[Black "Vazquez Sanchez, Antia"]
[Result "1-0"]
[ECO "B43"]
[WhiteElo "1761"]
[BlackElo "1607"]
[Annotator "NA RC"]
[PlyCount "77"]
[EventDate "2024.06.23"]
[EventType "swiss"]
[EventCountry "GEO"]
[SourceTitle "playchess.com"]
[Source "ChessBase"]
[SourceQuality "1"]
[TimeControl "5400+30"]

1. e4 c5 2. Nf3 e6 3. d4 cxd4 4. Nxd4 a6 5. Nc3 Qc7 6. Bd3 Nf6 7. O-O Bc5 8. Nb3 Ba7 9. Re1 d6 10. h3 b5 11. a3 Bb7 12. Bf4 e5 13. Bg3 O-O 14. Kh1 Re8 15. Qd2 Nbd7 16. a4 b4 17. Na2 a5 18. Rad1 Nc5 19. Nxc5 dxc5 20. b3 Rad8 21. Qe2 Bb8 22. Nc1 Rd4 23. f3 Nh5 24. Bh2 Nf4 25. Bxf4 exf4 26. Qf2 Red8 27. Ne2 R4d7 28. Qh4 Ba6 29. Nc1 Bxd3 30. Rxd3 Rxd3 31. Nxd3 Re8 32. e5 c4 33. Nxf4 cxb3 34. cxb3 h6 35. Nd3 Qc3 36. Qc4 Rc8 37. Qa6 Rd8 38. e6 Rd6 39. Qb5 1-0

[Event "FIDE World Cup G12-B 2024"]
[Site "Batumi"]
[Date "2024.06.29"]
[Round "7.6"]
[White "Gao, Lilianna"]
[Black "Shomanova, Adiya"]
[Result "1-0"]
[ECO "D35"]
[WhiteElo "1646"]
[BlackElo "1542"]
[Annotator "NA RC"]
[PlyCount "91"]
[EventDate "2024.06.23"]
[EventType "swiss"]
[EventCountry "GEO"]
[SourceTitle "playchess.com"]
[Source "ChessBase"]
[SourceQuality "1"]
[TimeControl "5400+30"]

1. d4 d5 2. c4 e6 3. Nc3 Nf6 4. cxd5 exd5 5. Bg5 c6 6. e3 Be7 7. Bd3 h6 8. Bh4 Nbd7 9. Nge2 O-O 10. O-O Re8 11. f3 Qc7 12. Bg3 Bd6 13. Bxd6 Qxd6 14. e4 dxe4 15. fxe4 Ng4 16. e5 Qb4 17. Qd2 Ndxe5 18. dxe5 Qc5+ 19. Kh1 Nf2+ 20. Rxf2 Qxf2 21. Ne4 Qh4 22. Nd4 Be6 23. Nd6 Red8 24. Nxe6 fxe6 25. Qc2 Rf8 26. Bc4 Qf4 27. Bxe6+ Kh8 28. Bc4 b5 29. Nf7+ Rxf7 30. Bxf7 Qxf7 31. Qxc6 Rd8 32. e6 Qe7 33. Re1 Rd6 34. Qxd6 Qxd6 35. e7 Kh7 36. e8=Q Qf6 37. Qe4+ Kh8 38. Qf3 Qd8 39. Qf7 Qg5 40. Re8+ Kh7 41. Qg8+ Kg6 42. Re6+ Kh5 43. Qf7+ Kh4 44. Re4+ Qg4 45. g3+ Kh3 46. Qf1# 1-0

[Event "FIDE World Cup G12-B 2024"]
[Site "Batumi"]
[Date "2024.06.29"]
[Round "7.7"]
[White "Bakhshizada, Asnad"]
[Black "Lu, Yichen"]
[Result "1/2-1/2"]
[ECO "A45"]
[WhiteElo "1748"]
[BlackElo "1561"]
[Annotator "NA RC"]
[PlyCount "154"]
[EventDate "2024.06.23"]
[EventType "swiss"]
[EventCountry "GEO"]
[SourceTitle "playchess.com"]
[Source "ChessBase"]
[SourceQuality "1"]
[TimeControl "5400+30"]

1. d4 Nf6 2. Bg5 Ne4 3. Bf4 c5 4. f3 Nf6 5. e4 Qb6 6. dxc5 Qxb2 7. Nd2 e5 8. Rb1 Qd4 9. Bg3 Bxc5 10. Ne2 Qd6 11. Nc4 Qe6 12. Nxe5 Nh5 13. Nd3 Bb6 14. Nef4 Nxf4 15. Bxf4 Qxa2 16. Bd2 Nc6 17. Nb4 Nxb4 18. Bxb4 Qe6 19. Qd2 h6 20. c4 f5 21. Bd3 fxe4 22. Bxe4 Qxc4 23. Qd6 Qe6 24. Qxe6+ dxe6 25. Bg6+ Kd8 26. Ke2 Bd7 27. Rhd1 e5 28. Rd2 Kc8 29. Bd6 Bc7 30. Rc2 Bc6 31. Be7 Kd7 32. Ba3 Ke6 33. g4 Kf6 34. Bd3 Rhe8 35. Be4 Bxe4 36. fxe4 Bb6 37. h4 Rac8 38. Rf1+ Kg6 39. Rd2 Red8 40. h5+ Kh7 41. Rd5 Bd4 42. Rxd8 Rxd8 43. Rf7 Kg8 44. Rxb7 Rc8 45. Kd2 Rd8 46. Ke2 a5 47. Rb5 Bc3 48. Rb3 Rc8 49. Rb5 Rd8 50. Rb3 Bd2 51. Rb5 Bc3 52. Rb3 Rc8 53. Kd3 Bd4 54. Kd2 Rc7 55. Rb5 Kh7 56. Rb3 Rf7 57. Rg3 a4 58. Ke2 Rb7 59. g5 hxg5 60. Rxg5 Bb2 61. Bxb2 Rxb2+ 62. Kd3 a3 63. Rxe5 a2 64. Ra5 Rb3+ 65. Kd4 Rb4+ 66. Kd3 Rb3+ 67. Kd4 Rb4+ 68. Kd3 Kh6 69. Rxa2 Kxh5 70. Rh2+ Kg6 71. Rg2+ Kf6 72. Rf2+ Ke6 73. Rg2 Kf6 74. Rf2+ Ke5 75. Rf5+ Ke6 76. Rg5 Kf6 77. Rf5+ Ke6 1/2-1/2

[Event "FIDE World Cup G12-B 2024"]
[Site "Batumi"]
[Date "2024.06.29"]
[Round "7.8"]
[White "Tereshchenko, Eliza"]
[Black "Abylaykyzy, Bibisara"]
[Result "1-0"]
[ECO "D00"]
[WhiteElo "1694"]
[BlackElo "1577"]
[Annotator "NA RC"]
[PlyCount "75"]
[EventDate "2024.06.23"]
[EventType "swiss"]
[EventCountry "GEO"]
[SourceTitle "playchess.com"]
[Source "ChessBase"]
[SourceQuality "1"]
[TimeControl "5400+30"]

1. d4 Nf6 2. Bf4 d5 3. e3 c5 4. c3 Nc6 5. Nd2 Bf5 6. Qb3 Qc8 7. Be2 c4 8. Qd1 b5 9. a3 a5 10. h3 e6 11. Ngf3 h6 12. Ne5 Nxe5 13. Bxe5 Nd7 14. Bh2 Nb6 15. O-O Be7 16. Re1 Na4 17. Qc1 O-O 18. Bd1 Qc6 19. Bc2 Bxc2 20. Qxc2 b4 21. e4 Ra7 22. exd5 exd5 23. Nf3 Rfa8 24. Re3 bxa3 25. bxa3 Rb7 26. Ne5 Qb5 27. Bf4 Qb2 28. Qxb2 Nxb2 29. a4 Ra6 30. Re2 Rab6 31. g3 Rb3 32. Nc6 Ra3 33. Rb1 Bb4 34. Rexb2 Rxc3 35. Nxa5 Ra7 36. Rxb4 Rxa5 37. Rb8+ Kh7 38. Bd2 1-0

[Event "FIDE World Cup G12-B 2024"]
[Site "Batumi"]
[Date "2024.06.29"]
[Round "7.9"]
[White "Rusitashvili, Tea"]
[Black "Siddhi Rao"]
[Result "0-1"]
[ECO "C47"]
[WhiteElo "1535"]
[BlackElo "1601"]
[Annotator "NA RC"]
[PlyCount "76"]
[EventDate "2024.06.23"]
[EventType "swiss"]
[EventCountry "GEO"]
[SourceTitle "playchess.com"]
[Source "ChessBase"]
[SourceQuality "1"]
[TimeControl "5400+30"]

1. e4 e5 2. Nf3 Nc6 3. Nc3 Nf6 4. d4 exd4 5. Nxd4 Bb4 6. Nxc6 bxc6 7. Bd2 Qe7 8. Bd3 Bxc3 9. Bxc3 Nxe4 10. O-O Nxc3 11. bxc3 O-O 12. Re1 Qf6 13. Re3 g6 14. Rf3 Qg7 15. Rb1 d5 16. Qd2 c5 17. c4 Be6 18. Qf4 Rab8 19. Qc1 dxc4 20. Bf1 Rb6 21. Rxb6 axb6 22. Ra3 Qe5 23. Qd2 Qd4 24. Qe2 Rd8 25. h3 Qa1 26. Re3 Rd6 27. Ra3 Qd4 28. c3 Qf6 29. Qe3 Rd1 30. Qe2 Qd8 31. Qf3 Qd3 32. Qxd3 cxd3 33. Ra8+ Kg7 34. Rd8 Bc4 35. g3 d2 36. Kh2 Bxf1 37. g4 c4 38. Kg3 Bd3 0-1

[Event "FIDE World Cup G12-B 2024"]
[Site "Batumi"]
[Date "2024.06.29"]
[Round "7.10"]
[White "Kvirkvelia, Anastasia"]
[Black "Chiokadze, Barbare"]
[Result "1-0"]
[ECO "B23"]
[WhiteElo "1440"]
[BlackElo "1461"]
[Annotator "NA RC"]
[PlyCount "111"]
[EventDate "2024.06.23"]
[EventType "swiss"]
[EventCountry "GEO"]
[SourceTitle "playchess.com"]
[Source "ChessBase"]
[SourceQuality "1"]
[TimeControl "5400+30"]

1. e4 c5 2. f4 e6 3. Nc3 Nc6 4. Bc4 a6 5. a4 Qc7 6. d3 Nge7 7. Nge2 Nb4 8. O-O d5 9. exd5 exd5 10. Bb3 Bf5 11. Ng3 c4 12. Nxf5 Nxf5 13. dxc4 dxc4 14. Ba2 Be7 15. Ne4 O-O 16. Bb1 Qc6 17. c3 Nd5 18. Qf3 b6 19. Kh1 Nh4 20. Qg4 f5 21. Qh5 Rad8 22. Ng5 Bxg5 23. Qxg5 Qf6 24. Qxf6 Rxf6 25. g3 Ng6 26. Re1 Rf7 27. Re6 Nge7 28. Kg2 Nc8 29. Ba2 Rc7 30. h3 Kf7 31. Re5 Nce7 32. Bb1 g6 33. Kf3 Nc6 34. Re2 Na5 35. Bc2 Nf6 36. Be3 Nd5 37. Bd4 Nc6 38. Bf2 Rcd7 39. Rae1 Rd6 40. g4 fxg4+ 41. hxg4 Rf6 42. f5 gxf5 43. gxf5 Nce7 44. Bh4 Nxf5 45. Bxf6 Kxf6 46. Re6+ Kg5 47. Rg1+ Kh5 48. Bxf5 Rf8 49. Ke4 Nf6+ 50. Ke5 Re8 51. Kxf6 Rxe6+ 52. Kxe6 Kh4 53. Bxh7 Kh3 54. Kd5 Kh2 55. Rg6 b5 56. Rxa6 1-0

[Event "FIDE World Cup G12-B 2024"]
[Site "Batumi"]
[Date "2024.06.29"]
[Round "7.12"]
[White "Bechvaia, Anastasia"]
[Black "Nakashidze, Nino"]
[Result "1/2-1/2"]
[ECO "E13"]
[WhiteElo "1549"]
[BlackElo "1618"]
[Annotator "NA RC"]
[PlyCount "69"]
[EventDate "2024.06.23"]
[EventType "swiss"]
[EventCountry "GEO"]
[SourceTitle "playchess.com"]
[Source "ChessBase"]
[SourceQuality "1"]
[TimeControl "5400+30"]

1. d4 Nf6 2. c4 e6 3. Nc3 Bb4 4. Nf3 O-O 5. Bg5 h6 6. Bh4 d6 7. e3 Nbd7 8. Be2 b6 9. O-O Bxc3 10. bxc3 Bb7 11. Qc2 Rc8 12. Rfd1 g5 13. Bg3 Kg7 14. Nd2 Rh8 15. h4 Qg8 16. Bf3 Bxf3 17. Nxf3 Kf8 18. d5 Ke7 19. dxe6 fxe6 20. e4 e5 21. Qe2 Nc5 22. Nd2 Rf8 23. a4 a5 24. f3 Nh5 25. Nf1 Ne6 26. Qe1 Nhf4 27. Ne3 Ng7 28. Nd5+ Nxd5 29. cxd5 Nh5 30. Rab1 Nf4 31. Kh2 Kd7 32. Rd2 Qg7 33. Rbb2 Rhg8 34. Qf1 Qg6 35. Qb5+ 1/2-1/2